 Dungeon Crawl Stone Soup version 0.25-a0-166-g16436c4 (webtiles) character file.

Game seed: 1311066218528462976, levelgen mode: deterministic

14832100 Forgeling the Conqueror (level 27, 150/199 HPs)
             Began as a Gargoyle Arcane Marksman on Nov 23, 2019.
             Was the Champion of the Shining One.
             Escaped with the Orb
             ... and 15 runes on Nov 24, 2019!
             The game lasted 02:53:08 (106356 turns).

Forgeling the Conqueror (GrAM)                    Turns: 106356, Time: 02:53:08

Health: 150/199    AC: 71    Str: 43    XL:     27
Magic:  49/49      EV: 27    Int: 18    God:    the Shining One [******]
Gold:   11017      SH:  0    Dex: 13    Spells: 36/38 levels left

rFire    + + .     SeeInvis +   b - +9 executioner's axe (holy)
rCold    + + .     Gourm    +   (shield currently unavailable)
rNeg     + + +     Faith    .   r - +12 gold dragon scales
rPois    ∞         Spirit   +   A - +1 hat "Rimozocas" {MR+ MP+9 Str+4 SInv}
rElec    +         Reflect  .   C - scarf {Spirit}
rCorr    .         Harm     .   v - +2 pair of gloves {Str+3}
MR       +++..                  i - +2 pair of boots {run}
Stlth    ..........             o - amulet of the Sturgeon {Gourm rElec rF+ rC+ MR-}
HPRegen  0.43/turn              x - ring of Toqeohig {rElec AC+5 Str+6}
MPRegen  0.31/turn              P - ring "Vycwuit" {*Slow MR+ EV+5 Str+7 Dex+3}

@: flying, slowed, glowing, very slow
A: big wings, repulsion field 1, iridescent scales 1, molten scales 1, deformed
body, negative energy resistance 1, screaming 1, electricity resistance,
inhibited regeneration, unbreathing, petrification resistance, rot immunity,
subdued magic 1, AC +20
0: Orb of Zot
}: 15/15 runes: barnacled, slimy, silver, golden, iron, obsidian, icy, bone,
abyssal, demonic, glowing, magical, fiery, dark, gossamer
a: Stop Flying, Divine Shield, Cleansing Flame, Summon Divine Warrior, Renounce
Religion


You escaped.
You worshipped the Shining One.
The Shining One was exalted by your worship.
You were very full.

You visited 18 branches of the dungeon, and saw 89 of its levels.
You visited Pandemonium 1 time, and saw 17 of its levels.
You visited the Abyss 1 time.
You also visited: Ossuary, Bailey, Ice Cave and Wizlab.

You collected 12594 gold pieces.
You spent 1577 gold pieces at shops.

Inventory:

Hand Weapons
 a - the +10 battleaxe "Qialla" {elec, Str+4}
   (Okawaru gifted it to you on level 3 of the Realm of Zot)

   Occasionally, upon striking a foe, it will discharge some electrical energy
   and cause terrible harm.
   It affects your strength (+4).
 b - a +9 executioner's axe of holy wrath (weapon)
Missiles
 c - 52 javelins
 d - 15 throwing nets
 R - 90 silver javelins (quivered)
Armour
 i - a +2 pair of boots of running (worn)
 r - +12 gold dragon scales (worn)
 v - a +2 pair of gloves of strength (worn)
 A - the +1 hat "Rimozocas" (worn) {MR+ MP+9 Str+4 SInv}
   (You found it on level 4 of the Vaults)

   It affects your strength (+4).
   It affects your resistance to hostile enchantments.
   It affects your magic capacity (+9).
   It lets you see invisible.
 C - a scarf of spirit shield (worn)
Jewellery
 o - the amulet of the Sturgeon (around neck) {Gourm rElec rF+ rC+ MR-}
   (You acquired it on level 3 of the Realm of Zot)

   [amulet of the gourmand]

   It allows you to eat raw meat even when not hungry.
   It protects you from fire.
   It protects you from cold.
   It insulates you from electricity.
   It affects your resistance to hostile enchantments.
 x - the ring of Toqeohig (left hand) {rElec AC+5 Str+6}
   (You found it on level 2 of the Depths)

   [ring of protection]

   It affects your AC (+5).
   It affects your strength (+6).
   It insulates you from electricity.
 P - the ring "Vycwuit" (right hand) {*Slow MR+ EV+5 Str+7 Dex+3}
   (You took it off a deep elf mage on level 3 of the Elven Halls)

   [ring of evasion]

   It affects your evasion (+5).
   It affects your strength (+7).
   It affects your dexterity (+3).
   It affects your resistance to hostile enchantments.
   It may slow you when you take damage.
Wands
 u - a wand of acid (91)
 H - a wand of digging (15)
 K - a wand of iceblast (46)
Scrolls
 g - 29 scrolls of remove curse {@r2}
 j - 10 scrolls of enchant weapon
 m - 8 scrolls of blinking
 n - a scroll of brand weapon
 p - a scroll of silence
 q - 17 scrolls of identify {@r1}
 y - 6 scrolls of fog
 z - 13 scrolls of teleportation {@r3}
 J - 4 scrolls of fear
 N - 7 scrolls of enchant armour
 Y - 5 scrolls of summoning
Potions
 e - 8 potions of cancellation
 h - 27 potions of curing {@q1}
 l - 12 potions of magic
 s - 11 potions of haste
 w - 2 potions of mutation
 B - 8 potions of resistance
 D - 8 potions of ambrosia
 G - 11 potions of heal wounds {@q2}
 M - 2 potions of agility
 Q - 13 potions of brilliance
 T - 7 potions of might
Miscellaneous
 k - a figurine of a ziggurat
 t - 2 boxes of beasts
 I - a lightning rod (4/4)
 L - a lamp of fire
 O - a fan of gales
 U - 3 phantom mirrors {=g}
 V - 2 sacks of spiders
Comestibles
 f - 65 rations


   Skills:
 O Level 27 Fighting
 O Level 27 Axes
 - Level 16.0 Throwing
 + Level 26.9 Armour
 + Level 19.9 Dodging
   Level 8.7 Shields
 - Level 6.0 Spellcasting
 - Level 2.6 Hexes
 - Level 8.0 Translocations
 O Level 27 Invocations
 - Level 17.0 Evocations


You had 36 spell levels left.
You knew the following spells:

 Your Spells              Type           Power        Failure   Level  Hunger
a - Corona                Hex            ##.....      11%         1    None
n - Apportation           Tloc           ####..       1%          1    None

Your spell library contained the following spells:

 Spells                   Type           Power        Failure   Level  Hunger
 Blink                    Tloc           N/A          1%          2    None
 Gell's Gravitas          Tloc           ####......   3%          3    ##.....
 Lesser Beckoning         Tloc           ####......   3%          3    ##.....
 Teleport Other           Tloc           ####....     3%          3    ##.....
 Shroud of Golubria       Chrm/Tloc      ###...       10%         2    None
 Confusing Touch          Hex            ##....       11%         1    None
 Portal Projectile        Hex/Tloc       ###...       11%         3    ##.....
 Slow                     Hex            ##......     17%         2    None
 Recall                   Summ/Tloc      N/A          19%         3    ##.....
 Ensorcelled Hibernation  Hex/Ice        #.....       30%         2    None
 Animate Skeleton         Necr           N/A          32%         1    None
 Beastly Appendage        Tmut           #.....       32%         1    None
 Flame Tongue             Conj/Fire      #....        32%         1    None
 Freeze                   Ice            #...         32%         1    None
 Magic Dart               Conj           #...         32%         1    None
 Pain                     Necr           #...         32%         1    None
 Sandblast                Erth           #.....       32%         1    None
 Shock                    Conj/Air       #...         32%         1    None
 Sting                    Conj/Pois      #...         32%         1    None
 Summon Butterflies       Summ           #.......     32%         1    None
 Summon Small Mammal      Summ           #...         32%         1    None
 Confuse                  Hex            ##......     32%         3    ##.....
 Tukima's Dance           Hex            ##......     32%         3    ##.....
 Call Imp                 Summ           #.......     47%         2    None
 Corpse Rot               Necr           N/A          47%         2    None
 Passwall                 Tmut/Erth      #.......     47%         2    None
 Poisonous Vapours        Pois/Air       #.....       47%         2    None
 Searing Ray              Conj           #.....       47%         2    None
 Song of Slaying          Chrm           #.......     47%         2    None
 Sticks to Snakes         Tmut           #.......     47%         2    None
 Swiftness                Chrm/Air       #.......     47%         2    None
 Throw Flame              Conj/Fire      #.....       47%         2    None
 Throw Frost              Conj/Ice       #.....       47%         2    None
 Dazzling Spray           Conj/Hex       #.....       52%         3    ##.....
 Inner Flame              Hex/Fire       #.......     52%         3    ##.....
 Spectral Weapon          Hex/Chrm       #.......     52%         3    ##.....
 Summon Guardian Golem    Hex/Summ       #.......     52%         3    ##.....
 Force Lance              Conj/Tloc      ###.....     54%         4    ####...
 Call Canine Familiar     Summ           #.......     71%         3    ##.....
 Conjure Flame            Conj/Fire      #.......     71%         3    ##.....
 Ignite Poison            Fire/Tmut/Pois #.......     71%         3    ##.....
 Mephitic Cloud           Conj/Pois/Air  #.......     71%         3    ##.....
 Ozocubu's Armour         Chrm/Ice       #.......     71%         3    ##.....
 Regeneration             Chrm/Necr      #.........   71%         3    ##.....
 Spider Form              Tmut/Pois      #.........   71%         3    ##.....
 Static Discharge         Conj/Air       #.......     71%         3    ##.....
 Stone Arrow              Conj/Erth      #.....       71%         3    ##.....
 Vampiric Draining        Necr           #.........   71%         3    ##.....
 Cause Fear               Hex            ##........   75%         4    ####...
 Summon Forest            Summ/Tloc      ###.......   89%         5    #####..
 Fulminant Prism          Conj/Hex       #.........   90%         4    ####...
 Leda's Liquefaction      Hex/Erth       #.........   90%         4    ####...
 Dispersal                Tloc           ####......   90%         6    #######
 Airstrike                Air            #.........   98%         4    ####...
 Animate Dead             Necr           N/A          98%         4    ####...
 Ice Form                 Ice/Tmut       #.......     98%         4    ####...
 Iskenderun's Mystic Bla  Conj           #.......     98%         4    ####...
 Petrify                  Tmut/Erth      #.......     98%         4    ####...
 Sticky Flame             Conj/Fire      #.......     98%         4    ####...
 Summon Ice Beast         Ice/Summ       #.......     98%         4    ####...
 Summon Lightning Spire   Summ/Air       #.......     98%         4    ####...
 Throw Icicle             Conj/Ice       #.......     98%         4    ####...
 Metabolic Englaciation   Hex/Ice        #.........   99%         5    #####..
 Silence                  Hex/Air        #.........   99%         5    #####..
 Yara's Violent Unravell  Hex/Tmut       #.........   99%         5    #####..
 Agony                    Necr           #.......     100%        5    #####..
 Alistair's Intoxication  Tmut/Pois      #.......     100%        5    #####..
 Blade Hands              Tmut           #.........   100%        5    #####..
 Bolt of Draining         Conj/Necr      #.........   100%        5    #####..
 Bolt of Magma            Conj/Fire/Erth #.........   100%        5    #####..
 Borgnjor's Vile Clutch   Necr/Erth      #.........   100%        5    #####..
 Dispel Undead            Necr           #.......     100%        5    #####..
 Excruciating Wounds      Chrm/Necr      #.........   100%        5    #####..
 Fireball                 Conj/Fire      #.........   100%        5    #####..
 Irradiate                Conj/Tmut      #.........   100%        5    #####..
 Iskenderun's Battlesphe  Conj/Chrm      #.......     100%        5    #####..
 Lee's Rapid Deconstruct  Erth           #.........   100%        5    #####..
 Lightning Bolt           Conj/Air       #.........   100%        5    #####..
 Summon Demon             Summ           #.........   100%        5    #####..
 Venom Bolt               Conj/Pois      #.........   100%        5    #####..
 Bolt of Cold             Conj/Ice       #.........   100%        6    #######
 Bolt of Fire             Conj/Fire      #.........   100%        6    #######
 Conjure Ball Lightning   Conj/Air       #.........   100%        6    #######
 Darkness                 Hex            ##........   100%        6    #######
 Death Channel            Necr           #.........   100%        6    #######
 Deflect Missiles         Chrm/Air       #.........   100%        6    #######
 Freezing Cloud           Conj/Ice/Air   #.........   100%        6    #######
 Hydra Form               Tmut           #.........   100%        6    #######
 Invisibility             Hex            ##......     100%        6    #######
 Iron Shot                Conj/Erth      #.........   100%        6    #######
 Ozocubu's Refrigeration  Ice            #.........   100%        6    #######
 Shadow Creatures         Summ           N/A          100%        6    #######
 Simulacrum               Ice/Necr       #.........   100%        6    #######
 Dragon Form              Tmut           #.........   100%        7    #######
 Haunt                    Necr/Summ      #.........   100%        7    #######
 Malign Gateway           Summ/Tloc      ###.......   100%        7    #######
 Orb of Destruction       Conj           #.........   100%        7    #######
 Ring of Flames           Chrm/Fire      #.........   100%        7    #######
 Spellforged Servitor     Conj/Summ      #.........   100%        7    #######
 Summon Hydra             Summ           #.........   100%        7    #######
 Borgnjor's Revivificati  Necr           #.........   100%        8    #######
 Controlled Blink         Tloc           N/A          100%        8    #######
 Death's Door             Chrm/Necr      #.........   100%        8    #######
 Discord                  Hex            ##........   100%        8    #######
 Disjunction              Tloc           ####......   100%        8    #######
 Ignition                 Fire           #.........   100%        8    #######
 Infestation              Necr           #.........   100%        8    #######
 Necromutation            Tmut/Necr      #.........   100%        8    #######
 Shatter                  Erth           #.........   100%        9    #######
 Tornado                  Air            #.........   100%        9    #######
 Passage of Golubria      Tloc           Unusable     N/A         4    N/A
 Sublimation of Blood     Necr           Unusable     N/A         2    N/A
 Statue Form              Tmut/Erth      Unusable     N/A         6    N/A

Dungeon Overview and Level Annotations

Branches:
Dungeon (15/15)            Temple (1/1) D:5            Lair (6/6) D:10
 Shoals (4/4) Lair:4       Spider (4/4) Lair:4        Slime (5/5) Lair:5
    Orc (2/2) D:12            Elf (3/3) Orc:2        Vaults (5/5) D:14
  Crypt (3/3) Vaults:3       Tomb (3/3) Crypt:3      Depths (5/5) D:15
   Hell (visited)             Dis (7/7) Hell            Geh (7/7) Hell
    Coc (7/7) Hell            Tar (7/7) Hell            Zot (5/5) Depths:5
Ossuary (visited)          Bailey (visited)           IceCv (visited)
 WizLab (visited)

Altars:
Ashenzari
Cheibriados
Dithmenos
Elyvilon
Fedhas
Gozag
Hepliaklqana
Kikubaaqudgha
Makhleb
Nemelex Xobeh
Okawaru
Qazlal
Ru
Sif Muna
Trog
Uskayaw
Vehumet
Wu Jian
Xom
Yredelemnul
Zin
The Shining One
Beogh
Jiyva

Shops:
D:4 :   Orc:2 *[*:   Shoals:1 %   Vaults:1 [[*   Vaults:3 **   Vaults:4 (
Depths:4 [}}[

Portals:
Hell: Depths:1 Depths:2 Depths:3 Depths:4 Depths:5
Abyss: Depths:2 Depths:4 Depths:5
Pandemonium: Depths:1 Depths:3 Depths:5
Ziggurat: Depths:4

Annotations:
Coc:7 Antaeus
Tar:7 Ereshkigal
Zot:3 4 transporters


Innate Abilities, Weirdness & Mutations

You are resistant to torment.
Your stone body is resilient. (AC +20)
You are immune to poison.
Your large and strong wings let you fly indefinitely.
You resist negative energy. (rN+)
You are resistant to electric shocks. (rElec)
You can survive without breathing.
You are immune to petrification.
You are immune to rotting.
You are surrounded by a mild repulsion field. (EV +2)
You are partially covered in iridescent scales. (AC +2)
You are partially covered in molten scales. (AC +2)
Armour fits poorly on your strangely shaped body.
You occasionally shout uncontrollably at your foes.
You do not regenerate when monsters are visible.
Your spells are a little easier to cast, but a little less powerful.


Message History

Ravuasi conjures a mighty blast of ice!
The great icy blast engulfs you!! You partially resist.
You feel yourself slow down.
You hit Ravuasi.
Ravuasi convulses.
Ravuasi is lightly wounded.
You are engulfed in freezing vapours.
You resist. The ice encasing you melts away. Ravuasi gestures at you.
Ravuasi gestures.
Ravuasi flickers and vanishes for a moment.
You open Ravuasi like a pillowcase!!!
Ravuasi convulses!!
Ravuasi is heavily wounded.
You are engulfed in freezing vapours.
You resist.
You slash Ravuasi!
Ravuasi convulses.
Ravuasi is severely wounded.
You are engulfed in freezing vapours.
You resist. Ravuasi hits you.
You slice Ravuasi like a ripe choko!!!
Ravuasi convulses!!!
You kill Ravuasi!
You feel better.
You feel your power returning.
You are engulfed in freezing vapours.
You resist.
There is a staircase leading out of the dungeon here.
You have escaped!

#....≈.≈...≈.≈...≈...
#..≈≈≈.≈≈≈.≈≈≈.≈≈≈..#
#..≈.....≈.....≈....#
#..≈.≈≈≈.≈.≈≈°.≈≈≈..#
#..≈.≈.≈.≈.≈°≈...≈..#
#..≈≈≈.≈≈≈.≈.≈≈≈≈≈..#
#.........°≈3°.3....#
#..≈≈≈.≈≈≈.≈°≈≈≈≈≈..#
#..≈@≈.≈.≈.≈○≈...≈.>#
#..≈.≈≈≈.≈°≈≈≈.≈≈≈.##
#..≈.....≈.....≈...#
#..≈≈≈.≈≈≈.≈○≈°≈≈≈.#
#....≈.≈...≈○≈...≈3##
#..≈≈≈.≈≈≈≈≈.≈≈≈≈≈..#
#...................#
#...##############...
##### ####


There were no monsters in sight!

Vanquished Creatures
  Cerebov (Pan)
  Asmodeus (Geh:7)
  the Royal Jelly (Slime:5)
  Gloorx Vloq (Pan)
  Lom Lobon (Pan)
  Mnoleg (Pan)
  6 pandemonium lords
  Dispater (Dis:7)
  Mara (Tomb:2)
  7 orbs of fire
  Mennas (Depths:4)
  7 ancient liches
  27 greater mummies
  Bai Suzhen (Shoals:2)
  Margery (Vaults:2)
  Frederick (Tomb:3)
  5 Killer Klowns (Zot:5)
  Saint Roka (Crypt:3)
  4 shard shrikes
  2 curse toes
  Xtahua (Crypt:3)
  Jory (Crypt:2)
  Geryon (Hell)
  18 golden dragons
  10 bone dragons
  A profane servitor (Crypt:3)
  16 Tzitzimimeh
  3 doom hounds
  Arachne (Spider:4)
  3 electric golems
  The ghost of Esodal the Lord of Darkness, an adept GnSk of Kikubaaqudgha (Vaults:2)
  11 liches
  14 Brimstone Fiends
  The ghost of Poidgh Janoo the Warrior, an adept DsFi of Xom (Depths:2)
  3 iron giants
  21 tentacled monstrosities
  A Cloud Mage (WizLab)
  16 Ice Fiends
  The ghost of swinepaste the Corrupter of Planes, an adept DsAK of Lugonu (Vaults:3)
  26 Orb Guardians
  9 Hell Sentinels
  4 deep elf blademasters
  Asterion (Vaults:1)
  10 quicksilver dragons
  12 deep elf master archers
  5 death cobs
  2 eldritch tentacles
  14 acid blobs
  25 titans
  The ghost of Iditam the Unseen, an adept SpEn of Uskayaw (Depths:1)
  11 sphinxes
  24 ancient champions
  A tentacled starspawn (Abyss:3)
  10 Executioners
  Polyphemus (Shoals:3)
  11 storm dragons
  14 shadow dragons
  4 krakens
  4 revenants
  9 tengu reavers
  Roxanne (Spider:3)
  7 iron dragons
  4 draconian monks
  Ilsuiw (Shoals:4)
  2 daevas (Pan)
  22 fire giants
  The ghost of foxygrandpa the Peltast, a journeyman MiBe of Trog (Shoals:4)
  8 draconian knights
  7 ghost moths
  24 frost giants
  13 azure jellies
  An orc warlord (Orc:1)
  A caustic shrike zombie (Depths:2)
  Aizul (Spider:4)
  7 cacodemons
  9 draconian scorchers
  5 deep elf sorcerers
  21 balrugs
  14 vault wardens
  2 curse skulls (Pan)
  15 ironheart preservers
  17 ghouls
  5 deep elf elementalists
  8 draconian shifters
  14 war gargoyles
  2 draconian stormcallers
  7 blood saints (Pan)
  3 draconian annihilators
  7 emperor scorpions
  3 elemental wellsprings (Coc:7)
  An entropy weaver (Spider:2)
  59 reapers
  32 stone giants
  3 spriggan defenders
  12 very ugly things
  2 juggernaut skeletons (Depths:2)
  2 corrupters (Pan)
  A caustic shrike skeleton (Depths:2)
  9 green draconians
  10 vampire knights
  12 deep elf demonologists
  25 bennus
  2 black suns (Pan)
  3 lorocyprocas
  8 apis (Pan)
  9 red draconians
  6 black draconians
  6 spark wasps
  A spectral titan (Crypt:3)
  Azrael (Spider:3)
  8 purple draconians
  5 yellow draconians
  12 deep elf annihilators
  A dire elephant (shapeshifter) (Vaults:3)
  2 eidola
  19 white draconians
  8 merfolk javelineers
  10 fire dragons
  13 deep elf death magi
  21 blizzard demons
  13 ettins
  7 death oozes (Slime:5)
  A spectral quicksilver dragon (Crypt:3)
  8 merfolk impalers
  4 quicksilver dragon zombies
  7 deep elf high priests
  14 yaktaur captains
  Fannar (Lair:2)
  12 green deaths
  21 mummy priests
  5 rakshasas
  27 jiangshi
  A great orb of eyes (shapeshifter) (Vaults:4)
  31 ice dragons
  9 great orbs of eyes
  A monstrous demonspawn (Pan)
  12 ogre magi
  3 merfolk avatars
  25 vault guards
  5 quicksilver dragon skeletons
  5 catoblepae
  A caustic shrike simulacrum (Depths:2)
  A kraken zombie (Coc:5)
  5 spriggan air magi
  6 hell beasts
  7 death knights
  6 hydras
  5 ghost crabs
  34 two-headed ogres
  11 centaur warriors
  4 merfolk aquamancers
  44 dancing weapons
  10 death yaks
  4 satyrs
  An alligator snapping turtle (Shoals:4)
  50 death scarabs
  A spectral fire giant (Crypt:3)
  4 tengu warriors
  13 deep troll earth magi
  11 deep troll shamans
  8 spriggan berserkers
  8 hell hogs
  4 titan zombies
  10 vampire magi
  2 thrashing horrors (Abyss:3)
  Sonja (Lair:2)
  2 iron golems
  2 shock serpents (WizLab)
  27 deep elf knights
  6 titan skeletons
  25 sun demons
  3 spriggans
  14 hell knights
  5 storm dragon zombies
  4 wretched stars (Abyss:3)
  10 shadow wraiths
  A fire crab (Lair:6)
  32 soul eaters
  8 sixfirhies (Pan)
  A cherub (Pan)
  10 iron trolls
  7 death drakes
  3 golden dragon zombies
  12 sea snakes
  134 skeletal warriors
  A spark wasp zombie (Depths:2)
  A quicksilver dragon simulacrum (Crypt:2)
  4 storm dragon skeletons
  14 shadow demons
  An unseen horror (shapeshifter) (Depths:4)
  10 flayed ghosts
  2 gelid demonspawn (Pan)
  10 anaconda zombies
  A ghost moth zombie (Coc:2)
  2 obsidian statues
  3 infernal demonspawn (Pan)
  4 tengu zombies
  12 unseen horrors
  29 deep trolls
  6 torturous demonspawn (Pan)
  12 wizards
  5 anaconda skeletons
  4 glowing orange brains
  2 kraken simulacra
  3 shadow dragon zombies
  An orb spider (shapeshifter) (Depths:1)
  18 harpies
  A sphinx zombie (Crypt:2)
  8 stone giant zombies
  A harpy (shapeshifter) (Vaults:1)
  66 deep elf magi
  13 orb spiders
  25 deep elf archers
  22 phantasmal warriors
  22 necromancers
  14 orc knights
  A golden dragon skeleton (Tomb:1)
  4 wolf spider zombies
  3 tengu skeletons
  10 ironbrand convokers
  6 shadow dragon skeletons
  2 lindwurms (Lair:4)
  8 orc sorcerers
  7 oklob plants
  25 ugly things
  4 shining eyes
  7 fire giant zombies
  7 frost giant zombies
  5 iron dragon zombies
  A salamander (Depths:5)
  24 moths of wrath
  24 wolf spiders
  13 elephants
  17 fauns
  15 cyclopes
  6 manticores
  7 frost giant skeletons
  2 iron dragon skeletons
  2 dire elephant zombies
  3 fire giant skeletons
  31 rust devils
  A torpor snail (shapeshifter) (Vaults:1)
  A guardian serpent (shapeshifter) (Elf:3)
  4 stone giant skeletons
  15 merfolk sirens
  An elephant (shapeshifter) (Vaults:3)
  3 apocalypse crabs (WizLab)
  4 eyes of devastation
  5 water nymphs
  6 black mambas
  9 vault sentinels
  7 ice statues
  2 spriggan skeletons (Depths:2)
  4 dire elephant skeletons
  3 gargoyles
  39 smoke demons
  A storm dragon simulacrum (Coc:3)
  A rime drake (shapeshifter) (Elf:3)
  A spiny frog (shapeshifter) (Depths:1)
  14 spiny frogs
  A spriggan zombie (Depths:2)
  9 molten gargoyles
  2 human zombies
  8 orange demons (Pan)
  A catoblepas zombie (Crypt:2)
  A swamp worm zombie (Crypt:1)
  2 elf zombies
  59 freezing wraiths
  6 komodo dragons
  45 yaktaurs
  21 hellions
  A purple draconian zombie (Crypt:1)
  4 rime drakes
  12 demonic crawlers
  2 harpy zombies
  21 hellwings (Pan)
  2 komodo dragons (shapeshifter)
  4 human skeletons
  11 starcursed masses (Abyss:3)
  A death yak skeleton (Crypt:1)
  57 ice devils
  42 tormentors
  48 guardian mummies
  4 efreet
  A yaktaur skeleton (Vaults:2)
  An ancient zyme (Abyss:3)
  15 red devils
  A queen bee (Abyss:3)
  13 hydra zombies
  24 merfolk
  6 tengu conjurers
  A polar bear (Lair:6)
  A merfolk (shapeshifter) (Vaults:5)
  2 silent spectres
  8 hornets
  37 jumping spiders
  5 meliai (Abyss:3)
  A meliai (shapeshifter) (Depths:1)
  A wind drake (shapeshifter) (Vaults:3)
  6 wind drakes
  3 harpy skeletons
  8 trolls
  A shadow dragon simulacrum (Coc:3)
  2 ice dragon zombies
  6 alligator zombies
  33 slime creatures
  6 blink frogs
  12 hydra skeletons
  13 hippogriffs
  8 fire dragon zombies
  A sphinx simulacrum (Depths:2)
  3 raiju (Abyss:3)
  5 ettin zombies
  2 dream sheep (shapeshifter)
  4 snapping turtles
  18 large abominations
  12 dream sheep
  2 frost giant simulacra
  A meliai zombie (D:14)
  4 alligator skeletons
  111 flying skulls
  A bog body (Crypt:2)
  20 air elementals
  10 ynoxinuls (Pan)
  Sigmund (D:5)
  61 redbacks
  27 water elementals
  24 shadows
  A tarantella (shapeshifter) (Depths:1)
  21 fire elementals
  10 ettin skeletons
  3 fire dragon skeletons
  2 ice dragon skeletons
  56 yaks
  A black mamba zombie (Crypt:2)
  A yak (shapeshifter) (Vaults:3)
  42 tarantellas
  2 wyverns (shapeshifter)
  7 ushabtiu
  22 wraiths
  A wyvern (D:14)
  A black mamba skeleton (Coc:3)
  6 golden eyes
  A spriggan simulacrum (Depths:2)
  2 basilisks (Lair:1)
  6 neqoxecs
  4 hungry ghosts
  4 vampire mosquitoes
  9 chaos spawn
  An infernal demonspawn zombie (Tar:7)
  14 wargs
  A harpy simulacrum (Coc:1)
  2 merfolk zombies
  A naga (shapeshifter) (Vaults:1)
  3 hydra simulacra
  A soldier ant (shapeshifter) (Depths:4)
  A soldier ant (D:12)
  2 acid dragons
  10 spiny frog zombies
  A floating eye (Slime:5)
  An orb spider zombie (Crypt:1)
  44 hell hounds
  13 water moccasins
  8 porcupines
  48 orc warriors
  A monstrous demonspawn skeleton (Crypt:2)
  15 ice beasts
  2 black bears
  3 sky beasts
  A sky beast (shapeshifter) (Depths:5)
  3 manticore zombies
  A snapping turtle zombie (Dis:7)
  An alligator simulacrum (Coc:3)
  2 eyes of draining
  15 necrophages
  48 ogres
  4 spiny frog skeletons
  A tengu (shapeshifter) (Vaults:3)
  7 boggarts (Vaults:1)
  30 wolves
  A wolf (shapeshifter) (Depths:3)
  7 phantoms
  3 swamp dragon zombies
  17 centaurs
  A manticore skeleton (Tar:7)
  4 snapping turtle skeletons
  A big kobold (D:8)
  14 crocodiles
  17 bullfrogs
  A glowing shapeshifter simulacrum (Vaults:1)
  A tengu simulacrum (Depths:2)
  A merfolk simulacrum (Coc:7)
  3 spiny frog simulacra
  5 water moccasin zombies (Ossuary)
  A cyclops zombie (Crypt:1)
  A wyvern zombie (D:12)
  6 small abominations
  2 earth elementals
  7 scorpions
  2 water moccasin skeletons
  21 killer bees
  A yak skeleton (Crypt:2)
  A yak zombie (Crypt:1)
  35 wights
  4 howler monkeys
  5 electric eels
  13 crimson imps
  A human simulacrum (Vaults:2)
  4 bullfrog zombies
  5 jellies
  4 centaur zombies
  A demonspawn zombie (Crypt:2)
  2 quasits
  Crazy Yiuf (D:3)
  32 orc priests
  11 hounds
  56 orc wizards
  5 centaur skeletons
  An iguana (D:9)
  33 iron imps
  A bullfrog skeleton (D:10)
  12 worker ants
  Natasha (twice) (D:3)
  An ogre zombie (Dis:5)
  2 big kobold zombies (Ossuary)
  A naga skeleton (Crypt:1)
  58 mummies
  A howler monkey zombie (D:5)
  2 worker ant zombies (D:11)
  7 gnolls
  16 adders
  10 shadow imps
  30 white imps
  An ufetubus (Abyss:3)
  2 oozes
  2 adder skeletons
  5 adder zombies
  7 worms
  3 ball lightnings (Pan)
  2 dart slugs (D:1)
  9 leopard geckos
  159 orcs
  8 bats
  8 giant cockroaches
  2 gnoll zombies (Ossuary)
  12 goblins
  8 hobgoblins
  18 jackals
  9 kobolds
  3 quokkas
  3 ball pythons
  6 frilled lizards
  3 hobgoblin zombies (Ossuary)
  A jackal zombie (D:5)
  5 kobold zombies (Ossuary)
  5 orc zombies (Ossuary)
  2 quokka skeletons
  A quokka zombie (D:6)
  6 rats
  3 fire vortices
  2 fungi
  16 plants
  A starspawn tentacle (Abyss:3)
  9 tentacles
4537 creatures vanquished.

Vanquished Creatures (collateral kills)
  A Tzitzimitl (Tar:7)
  A doom hound (Tar:7)
  2 titans (Pan)
  A deep elf master archer (Pan)
  A deep elf blademaster (Pan)
  3 Executioners (Pan)
  A fire giant (Pan)
  A shadow dragon (Tar:7)
  2 cacodemons (Pan)
  A reaper (Tar:7)
  2 soul eaters (Pan)
  A skeletal warrior (Tar:7)
  A phantasmal warrior (Tar:7)
  A deep elf mage (Pan)
  2 tormentors (Tar:7)
  A red devil (Geh:7)
  2 neqoxecs (Pan)
  An elf skeleton (Tar:7)
25 creatures vanquished.

Vanquished Creatures (others)
  A curse toe (Zot:3)
  Jorgrun (Elf:1)
  A titan (Abyss:3)
  A frost giant (Pan)
  A fire giant (Crypt:1)
  A ghost moth (Zot:3)
  A vault warden (Vaults:5)
  3 blizzard demons
  A spriggan air mage (WizLab)
  A hell hog (Dis:3)
  3 deep elf knights
  A sixfirhy (D:1)
  A death drake (WizLab)
  A glowing orange brain (Pan)
  2 deep elf magi
  An apocalypse crab (WizLab)
  A komodo dragon (Lair:5)
  A snapping turtle (Shoals:4)
  A flying skull (Geh:3)
  A water elemental (Depths:5)
  A chaos spawn (Pan)
  2 ogres (D:7)
  A killer bee (Abyss:3)
  A hound (D:7)
  A bullfrog skeleton (D:7)
  2 white imps
  4 ball lightnings
  2 orcs (D:7)
  2 fungi
  19 plants
  2 starspawn tentacles (Abyss:3)
  24 tentacles
86 creatures vanquished.

Grand Total: 4648 creatures vanquished

Notes
Turn   | Place    | Note
-------+----------+-------------------------------------------
     0 | D:1      | Forgeling the Gargoyle Arcane Marksman began the quest for
                  | the Orb.
     0 | D:1      | Reached XP level 1. HP: 12/12 MP: 2/2
   208 | D:1      | Reached XP level 2. HP: 10/17 MP: 3/3
   798 | D:1      | Reached XP level 3. HP: 23/23 MP: 4/4
  1434 | D:1      | Reached skill level 1 in Axes
  1791 | D:2      | Reached XP level 4. HP: 28/28 MP: 5/5
  2609 | D:2      | Reached XP level 5. HP: 20/32 MP: 3/6
  3703 | D:3      | Noticed Natasha
  3840 | D:3      | Killed Natasha
  3957 | D:3      | Found a hide-covered altar of Uskayaw.
  4035 | D:3      | Found a shattered altar of Ashenzari.
  4036 | D:3      | Found a basalt altar of Yredelemnul.
  4570 | D:3      | Noticed Natasha
  4577 | D:3      | Reached XP level 6. HP: 31/37 MP: 7/7
  4584 | D:3      | Killed Natasha
  4894 | D:3      | Found a runed translucent door.
  4895 | D:3      | Noticed Crazy Yiuf
  4928 | D:3      | Killed Crazy Yiuf
  5243 | D:4      | Found a blossoming altar of Fedhas.
  5280 | D:4      | Reached skill level 5 in Axes
  5662 | D:4      | Found Pivaruif's Book Shop.
  5693 | D:4      | Reached XP level 7. HP: 41/41 MP: 8/8
  5711 | D:4      | Found a shadowy altar of Dithmenos.
  6078 | D:5      | Entered Level 5 of the Dungeon
  6618 | D:5      | Noticed Sigmund
  6629 | D:5      | Killed Sigmund
  6751 | D:5      | Reached XP level 8. HP: 46/46 MP: 9/9
  7025 | D:5      | Found a staircase to the Ecumenical Temple.
  7035 | Temple   | Entered the Ecumenical Temple
  7240 | Temple   | Became a worshipper of Warmaster Okawaru
  7543 | D:6      | Reached * piety under Okawaru
  7950 | D:6      | Reached skill level 5 in Fighting
  8345 | D:7      | Reached XP level 9. HP: 54/54 MP: 10/10
  8600 | D:7      | Found an opulent altar of Gozag.
  8605 | D:7      | Found a hazy altar of Hepliaklqana.
  8609 | D:7      | Found a stormy altar of Qazlal.
  8652 | D:7      | Reached skill level 1 in Invocations
  8668 | D:7      | Reached ** piety under Okawaru
  9356 | D:7      | Found a shimmering altar of Xom.
  9588 | D:7      | Found a glowing silver altar of Zin.
  9719 | D:8      | Reached skill level 10 in Axes
  9747 | D:8      | Reached skill level 1 in Armour
 10028 | D:8      | Found a sand-covered staircase.
 10073 | Ossuary  | Entered an ossuary
 10186 | Ossuary  | Reached *** piety under Okawaru
 10276 | Ossuary  | Reached XP level 10. HP: 61/61 MP: 12/12
 10798 | D:8      | Noticed a two-headed ogre
 10816 | D:8      | Killed a two-headed ogre
 10816 | D:8      | Reached skill level 5 in Armour
 11636 | D:9      | Reached **** piety under Okawaru
 12108 | D:10     | Entered Level 10 of the Dungeon
 12768 | D:10     | Reached XP level 11. HP: 39/69 MP: 14/14
 13078 | D:10     | Noticed a death knight
 13128 | D:10     | Killed a death knight
 13128 | D:10     | Reached ***** piety under Okawaru
 13390 | D:10     | Noticed a purple ugly thing
 13399 | D:10     | Killed a purple ugly thing
 13444 | D:10     | Noticed a deep elf mage
 13465 | D:10     | Killed a deep elf mage
 13696 | D:10     | Noticed a skeletal warrior
 13723 | D:10     | Killed a skeletal warrior
 13723 | D:10     | Reached skill level 1 in Evocations
 13939 | D:10     | Got a translucent turquoise ring
 14269 | D:10     | Found a staircase to the Lair.
 14792 | D:10     | Identified the ring "Nimistri" {rCorr Dex+5} (You found it
                  | on level 10 of the Dungeon)
 14866 | D:11     | Received a gift from Okawaru
 14892 | D:11     | Noticed a brown ugly thing
 14921 | D:11     | Killed a brown ugly thing
 14931 | D:11     | Found a flagged portal.
 14960 | Bailey   | Entered a bailey
 15145 | D:11     | Found a blossoming altar of Fedhas.
 15214 | D:11     | Noticed a cyclops
 15220 | D:11     | Noticed an unseen horror
 15232 | D:11     | Killed a cyclops
 15237 | D:11     | Killed an unseen horror
 15515 | D:11     | Reached skill level 10 in Fighting
 15523 | D:11     | Reached XP level 12. HP: 52/77 MP: 15/15
 15849 | D:11     | Noticed a six-headed hydra
 16524 | D:12     | Received a gift from Okawaru
 16999 | D:12     | Found a roughly hewn altar of Beogh.
 16999 | D:12     | Found a staircase to the Orcish Mines.
 17014 | D:12     | Reached skill level 5 in Evocations
 18034 | D:11     | Killed a six-headed hydra
 18034 | D:11     | Reached skill level 5 in Throwing
 18686 | Lair:1   | Entered Level 1 of the Lair of Beasts
 18935 | Lair:1   | Reached skill level 5 in Dodging
 19017 | Lair:1   | Reached XP level 13. HP: 62/84 MP: 16/16
 19946 | Lair:2   | Gained mutation: Your large and strong wings let you fly
                  | indefinitely. [Gargoyle growth]
 19946 | Lair:2   | Reached XP level 14. HP: 90/90 MP: 17/17
 20490 | Lair:2   | Got a vibrating graven amulet
 20582 | Lair:2   | Noticed Fannar
 20606 | Lair:2   | Killed Fannar
 20941 | Lair:2   | Noticed Sonja
 20968 | Lair:2   | Killed Sonja
 21421 | Lair:3   | Received a gift from Okawaru
 22793 | Lair:4   | Found a staircase to the Shoals.
 23489 | Lair:4   | Found a hole to the Spider Nest.
 23838 | Lair:4   | Reached skill level 10 in Armour
 23850 | Lair:4   | Reached ****** piety under Okawaru
 24442 | Lair:5   | Received a gift from Okawaru
 25103 | Lair:5   | Identified the amulet "Zionob" {Acrobat rF- rC++ MP+9
                  | Str+4} (You found it on level 2 of the Lair of Beasts)
 25532 | Lair:5   | Found a staircase to the Slime Pits.
 25882 | Lair:6   | Entered Level 6 of the Lair of Beasts
 25896 | Lair:6   | Reached XP level 15. HP: 95/97 MP: 18/18
 27357 | Lair:6   | Identified a scroll of acquirement
 27429 | Lair:6   | Received a gift from Okawaru
 27432 | Lair:6   | Got an encrusted buckler {god gift}
 27441 | Lair:6   | Identified the +0 buckler of the Zebra {+Fly rN+} (Okawaru
                  | gifted it to you on level 6 of the Lair of Beasts)
 27621 | Lair:6   | Identified the Disquisition on Ensnaring Stones
 27677 | Lair:6   | Reached skill level 1 in Shields
 29557 | Orc:1    | Entered Level 1 of the Orcish Mines
 29639 | Orc:2    | Entered Level 2 of the Orcish Mines
 30216 | Orc:2    | Found a staircase to the Elven Halls.
 30337 | Orc:2    | Found Kekyomn's Armour Emporium.
 30337 | Orc:2    | Found Itoxiqil's General Store.
 30410 | Orc:2    | Bought a potion of degeneration for 11 gold pieces
 30410 | Orc:2    | Bought a scroll of identify for 22 gold pieces
 30439 | Orc:2    | Found a roughly hewn altar of Beogh.
 30623 | Orc:2    | Noticed an orc warlord
 30865 | Orc:1    | Killed an orc warlord
 31200 | Orc:2    | Found Hube's Book Emporium.
 31200 | Orc:2    | Found Nine's General Store.
 31206 | Orc:2    | Bought a scroll of random uselessness for 15 gold pieces
 31422 | Orc:2    | Bought a +2 shield of fire resistance for 279 gold pieces
 31564 | D:13     | Reached skill level 15 in Axes
 31642 | D:13     | Received a gift from Okawaru
 32301 | D:13     | Reached skill level 5 in Shields
 32301 | D:13     | Reached XP level 16. HP: 82/104 MP: 19/19
 32544 | D:13     | Found a burning altar of Makhleb.
 33213 | D:14     | Found a frozen archway.
 33235 | IceCv    | Entered an ice cave
 33460 | IceCv    | Received a gift from Okawaru
 33730 | D:14     | Found a roughly hewn altar of Beogh.
 34471 | D:14     | Found a gate to the Vaults.
 34606 | D:15     | Entered Level 15 of the Dungeon
 35330 | D:15     | Found a staircase to the Depths.
 36092 | D:14     | Upgraded the game from 0.25-a0-164-gb55e97d to
                  | 0.25-a0-166-g16436c4
 36330 | Spider:1 | Entered Level 1 of the Spider Nest
 36417 | Spider:1 | Received a gift from Okawaru
 36724 | Spider:1 | Received a gift from Okawaru
 36865 | Spider:1 | Got a pair of fine gloves {god gift}
 36873 | Spider:1 | Found a runed translucent door.
 37138 | Spider:1 | Reached XP level 17. HP: 98/111 MP: 23/23
 38772 | Spider:2 | Received a gift from Okawaru
 38910 | Spider:2 | Identified the +2 pair of gloves of Joy {rElec rPois rC-
                  | MP+9} (Okawaru gifted it to you on level 1 of the Spider
                  | Nest)
 39086 | Spider:3 | Identified Roxanne's Almanac of Changing
 39086 | Spider:3 | Noticed Roxanne
 39154 | Spider:3 | Reached skill level 15 in Fighting
 39315 | Spider:3 | Got a twisted chain mail
 39595 | Spider:3 | Noticed Azrael
 39623 | Spider:4 | Entered Level 4 of the Spider Nest
 39651 | Spider:4 | Identified the +7 chain mail of Courage {+Inv MP-9 Dex+5
                  | SInv} (You found it on level 3 of the Spider Nest)
 39855 | Spider:3 | Killed Azrael
 41029 | Spider:3 | Killed Roxanne
 41283 | Spider:4 | Noticed Arachne
 41312 | Spider:4 | Killed Arachne
 41488 | Spider:4 | Noticed Aizul
 41547 | Spider:4 | Killed Aizul
 41547 | Spider:4 | Received a gift from Okawaru
 42028 | Spider:4 | Reached XP level 18. HP: 70/120 MP: 24/24
 42924 | Spider:4 | Received a gift from Okawaru
 43645 | Spider:4 | Got a gossamer rune of Zot
 43958 | Shoals:1 | Entered Level 1 of the Shoals
 44044 | Lair:4   | Received a gift from Okawaru
 44655 | Shoals:1 | Found Pyutaim's Food Emporium.
 45890 | Shoals:3 | Noticed Bai Suzhen
 45997 | Shoals:2 | Killed Bai Suzhen
 45997 | Shoals:2 | Received a gift from Okawaru
 45997 | Shoals:2 | Reached skill level 5 in Invocations
 46393 | Shoals:3 | Noticed Polyphemus
 46416 | Shoals:3 | Killed Polyphemus
 46908 | Shoals:3 | Reached XP level 19. HP: 128/128 MP: 25/25
 47351 | Shoals:4 | Entered Level 4 of the Shoals
 47353 | Shoals:4 | Found a glowing silver altar of Zin.
 47474 | Shoals:4 | Found a runed translucent door.
 47474 | Shoals:4 | Noticed foxygrandpa's ghost (journeyman MiBe)
 47613 | Shoals:4 | Noticed Ilsuiw
 47616 | Shoals:4 | Received a gift from Okawaru
 47634 | Shoals:4 | Killed Ilsuiw
 47786 | Shoals:4 | Identified Pifrue's Advanced Guide to Spellcraft
 47842 | Shoals:4 | Reached skill level 15 in Armour
 48705 | Shoals:4 | Got a barnacled rune of Zot
 48995 | Vaults:1 | Entered Level 1 of the Vaults
 49023 | Vaults:1 | Received a gift from Okawaru
 49031 | Vaults:1 | Reached skill level 10 in Evocations
 49986 | Vaults:1 | Found Gozag's Antique Armour Boutique.
 49994 | Vaults:1 | Found Gozag's Antique Armour Boutique.
 50001 | Vaults:1 | Found an opulent altar of Gozag.
 50001 | Vaults:1 | Found Gozag's Assorted Antiques.
 50191 | Vaults:1 | Bought a faintly glowing golden ring for 500 gold pieces
 50259 | Vaults:1 | Noticed Asterion
 50262 | Vaults:1 | Reached XP level 20. HP: 130/134 MP: 28/28
 50292 | Vaults:1 | Killed Asterion
 50307 | Vaults:1 | Received a gift from Okawaru
 50788 | Vaults:1 | Reached skill level 10 in Throwing
 50887 | Vaults:1 | Identified the ring "Lumnas" {*Drain +Inv rF+++ rC+ MR-}
                  | (You bought it in a shop on level 1 of the Vaults)
 50955 | Vaults:2 | Received a gift from Okawaru
 51374 | Vaults:2 | Received a gift from Okawaru
 51559 | Vaults:1 | Bought a pair of runed boots for 750 gold pieces
 51570 | Vaults:1 | Identified a +2 pair of boots of running (You bought it in
                  | a shop on level 1 of the Vaults)
 51941 | Shoals:3 | Got a pitted amethyst amulet
 52147 | D:7      | Identified the amulet of Sacuskad {Gourm rElec MR+ Int+2
                  | SInv} (You acquired it on level 3 of the Shoals)
 52421 | Shoals:4 | Killed foxygrandpa's ghost
 53905 | Vaults:2 | Noticed Margery
 53945 | Vaults:2 | Killed Margery
 54050 | Vaults:2 | Found a runed translucent door.
 54050 | Vaults:2 | Noticed Esodal's ghost (adept GnSk)
 54173 | Vaults:2 | Killed Esodal's ghost
 55337 | Vaults:3 | Reached XP level 21. HP: 140/140 MP: 30/30
 55403 | Vaults:3 | Received a gift from Okawaru
 56146 | Vaults:3 | Found a runed translucent gate.
 56146 | Vaults:3 | Found a runed translucent gate.
 56146 | Vaults:3 | Found a runed translucent gate.
 56147 | Vaults:3 | Found an opulent altar of Gozag.
 56147 | Vaults:3 | Found Regryl's Assorted Antiques.
 56148 | Vaults:3 | Found Xengu's Assorted Antiques.
 56148 | Vaults:3 | Noticed swinepaste's ghost (adept DsAK)
 56197 | Vaults:3 | Received a gift from Okawaru
 56407 | Vaults:3 | Killed swinepaste's ghost
 56794 | Vaults:3 | Found a staircase to the Crypt.
 56836 | Vaults:3 | Received a gift from Okawaru
 57317 | Vaults:4 | Received a gift from Okawaru
 57877 | Vaults:4 | Got a clouded copper ring
 57995 | Vaults:4 | Found a radiant altar of Vehumet.
 58003 | Vaults:4 | Got an encrusted hat
 58020 | Vaults:4 | Got a steaming hat
 58093 | Vaults:4 | Found Duqaxziw's Weapon Boutique.
 58499 | Vaults:4 | Identified the ring of the Townfolk {rN++ Stlth-} (You
                  | found it on level 4 of the Vaults)
 58511 | Vaults:4 | Identified the +2 hat "Migidiq" {rF+ rN+ Dex+3 SInv} (You
                  | found it on level 4 of the Vaults)
 58521 | Vaults:4 | Identified the +1 hat "Rimozocas" {MR+ MP+9 Str+4 SInv}
                  | (You found it on level 4 of the Vaults)
 59185 | Elf:1    | Entered Level 1 of the Elven Halls
 59430 | Elf:1    | Received a gift from Okawaru
 59703 | Elf:1    | Noticed Jorgrun
 59712 | Elf:1    | Killed Jorgrun
 59712 | Elf:1    | Reached XP level 22. HP: 145/149 MP: 31/31
 59729 | Elf:1    | Received a gift from Okawaru
 60483 | Elf:2    | Found a runed translucent gate.
 60483 | Elf:2    | Found a runed translucent gate.
 60483 | Elf:2    | Found a runed translucent gate.
 61155 | Elf:3    | Entered Level 3 of the Elven Halls
 61454 | Elf:3    | Received a gift from Okawaru
 61622 | Elf:3    | Identified Wapp's Volume of the Escort
 61625 | Elf:3    | Got a pair of steaming gloves
 61749 | Elf:3    | Identified the +0 pair of gloves of the Poles {MR+} (You
                  | found it on level 3 of the Elven Halls)
 62445 | Elf:3    | Received a gift from Okawaru
 62922 | Elf:3    | Reached skill level 10 in Dodging
 63166 | Elf:3    | Identified the +7 dagger of Imminent Death {pain, +Inv
                  | rPois Str+5 Dex-5}
 63214 | Elf:3    | Identified the +10 flail of the Wilderness {holy, Dex+2}
 63214 | Elf:3    | Identified the ring "Vycwuit" {*Slow MR+ EV+5 Str+7 Dex+3}
 63708 | Elf:3    | Identified the cursed +1 scale mail of the Peasants {rPois
                  | rF- Int+2}
 63712 | Elf:3    | Identified the +0 flail "Imixetex" {antimagic, MR+}
 63720 | Elf:3    | Identified the ring of Nuhoetops {MR+ MP+9 Str+5}
 63882 | Elf:3    | Identified the +8 dagger "Real" {pierce, rN+}
 63882 | Elf:3    | Identified the ring of Brawling {rElec rPois rF++}
 64500 | Elf:3    | Identified the Disquisition on Creation and the Arsonist
 64508 | Elf:3    | Identified the Guide on Lucky Combat Magic
 64555 | Elf:3    | Identified the Reference Book on Conjuration
 64560 | Elf:3    | Identified Alugaq's Almanac of Fiery Bewitchment
 64845 | Depths:1 | Entered Level 1 of the Depths
 64858 | Depths:1 | Reached XP level 23. HP: 137/156 MP: 19/32
 65247 | Depths:1 | Found a runed translucent door.
 65247 | Depths:1 | Noticed Iditam's ghost (adept SpEn)
 65282 | Depths:1 | Received a gift from Okawaru
 65384 | Depths:1 | Found a one-way gate leading to the halls of Pandemonium.
 65805 | Depths:1 | Found a bloodstained altar of Trog.
 66036 | Depths:1 | Found a gateway to Hell.
 66146 | Depths:2 | Found a magical portal.
 66721 | WizLab   | Paralysed by you for 4 turns
 66878 | WizLab   | Got a vibrating bronze ring
 66880 | WizLab   | Identified Vyffin's Papyrus of the Birds
 66901 | WizLab   | Identified the ring of Makhleb's Favour {*Slow +Fly rN+
                  | Dex+3 SInv} (You found it in a wizard's laboratory)
 67242 | Depths:2 | Found a one-way gate to the infinite horrors of the Abyss.
 67325 | Depths:2 | Received a gift from Okawaru
 67378 | Depths:2 | Got a slimy war axe {god gift}
 67723 | Depths:2 | Found a runed translucent gate.
 67724 | Depths:2 | Found a runed translucent gate.
 67724 | Depths:2 | Found a runed translucent gate.
 67725 | Depths:2 | Noticed Poidgh Janoo's ghost (adept DsFi)
 68005 | Depths:2 | Found an ancient bone altar of Kikubaaqudgha.
 68005 | Depths:2 | Noticed an ancient lich
 68027 | Depths:2 | Killed an ancient lich
 68393 | Depths:2 | Received a gift from Okawaru
 68771 | Depths:2 | Reached XP level 24. HP: 153/164 MP: 31/32
 68940 | Depths:2 | Got a scintillating ivory ring
 69168 | Depths:2 | Identified the Grimoire of Ashen Stolen Souls
 69178 | Depths:2 | Identified Sif Muna's Catalogue of Curses and Toxins
 69484 | Depths:2 | Identified the ring of Toqeohig {rElec AC+5 Str+6} (You
                  | found it on level 2 of the Depths)
 69770 | Depths:3 | Received a gift from Okawaru
 69963 | Depths:3 | Received a gift from Okawaru
 70558 | Depths:3 | Received a gift from Okawaru
 70701 | Depths:4 | Received a gift from Okawaru
 70774 | Depths:4 | Found a gateway to a ziggurat.
 70786 | Depths:4 | Found Kinugros's Gadget Emporium.
 70786 | Depths:4 | Found Potu's Gadget Shoppe.
 70787 | Depths:4 | Found Uvonki's Armour Shoppe.
 70789 | Depths:4 | Found Bihaiss's Armour Emporium.
 70795 | Depths:4 | Noticed Mennas
 70823 | Depths:4 | Killed Mennas
 71644 | Depths:4 | Noticed an ancient lich
 71649 | Depths:4 | Received a gift from Okawaru
 71663 | Depths:4 | Reached XP level 25. HP: 107/171 MP: 11/32
 71669 | Depths:4 | Killed an ancient lich
 72130 | Depths:4 | Found the +8 autumn katana {slice, Clar}
 72130 | Depths:4 | Found the +6 shillelagh "Devastator" {shatter}
 72331 | Depths:5 | Entered Level 5 of the Depths
 72591 | Depths:5 | Received a gift from Okawaru
 73041 | Depths:5 | Reached skill level 10 in Invocations
 73394 | Depths:5 | Found a gate to the Realm of Zot.
 73891 | Vaults:5 | Entered Level 5 of the Vaults
 73921 | Vaults:5 | Received a gift from Okawaru
 74066 | Vaults:5 | Reached XP level 26. HP: 179/179 MP: 31/33
 74268 | Vaults:5 | Received a gift from Okawaru
 74463 | Vaults:5 | Identified the cursed +1 ring mail "Kaupsaez" {*Drain
                  | Regen+ Str+3}
 74617 | Vaults:5 | Found the amulet of the Air {Inacc +Fly rElec EV+5 RMsl}
 74748 | Vaults:5 | Received a gift from Okawaru
 74789 | Vaults:5 | Identified The Last Papyrus of the Prophet
 74900 | Vaults:5 | Identified Sif Muna's Disquisition on Dusty Confrontation
 75284 | Vaults:5 | Got a silver rune of Zot
 75461 | Vaults:5 | Received a gift from Okawaru
 75646 | Vaults:5 | Reached skill level 15 in Dodging
 76035 | Slime:1  | Entered Level 1 of the Pits of Slime
 76120 | Slime:2  | Gained mutation: You are resistant to hostile enchantments.
                  | (MR+) [a shining eye]
 76130 | Slime:2  | Gained mutation: Armour fits poorly on your strangely
                  | shaped body. [a shining eye]
 76226 | Slime:4  | Received a gift from Okawaru
 76303 | Slime:5  | Entered Level 5 of the Pits of Slime
 76359 | Slime:5  | Received a gift from Okawaru
 76474 | Slime:5  | Received a gift from Okawaru
 76483 | Slime:5  | Noticed the Royal Jelly
 76989 | Slime:5  | Found a viscous altar of Jiyva.
 77096 | Slime:5  | Killed the Royal Jelly
 77096 | Slime:5  | Reached XP level 27. HP: 184/184 MP: 22/33
 77217 | Slime:5  | Got a slimy rune of Zot
 77226 | Slime:5  | Identified Yseoh's Collected Works on Slavery and Boosts
 77248 | Slime:5  | Identified the Reference Book on Heat and Hexes
 78033 | Zot:1    | Entered Level 1 of the Realm of Zot
 78823 | Zot:2    | You fall into a shaft and drop 2 floors!
 78882 | Zot:4    | Reached skill level 15 in Evocations
 79226 | Zot:4    | Noticed an orb of fire
 79229 | Zot:4    | Received a gift from Okawaru
 79236 | Zot:4    | Killed an orb of fire
 79523 | Zot:4    | Noticed an orb of fire
 79531 | Zot:4    | Killed an orb of fire
 79983 | Zot:3    | Found a transporter.
 79985 | Zot:3    | Found a transporter.
 79997 | Zot:3    | Found a transporter.
 79997 | Zot:3    | Found a transporter.
 80070 | Zot:3    | Noticed an orb of fire
 80103 | Zot:3    | Gained mutation: You occasionally shout uncontrollably at
                  | your foes. [an orb of fire]
 80105 | Zot:3    | Gained mutation: Your body sometimes deteriorates upon
                  | taking damage. [an orb of fire]
 80108 | Zot:3    | Killed an orb of fire
 80108 | Zot:3    | Received a gift from Okawaru
 80183 | Zot:3    | Found a transporter.
 80189 | Zot:3    | Got a smoking battleaxe {god gift}
 80201 | Zot:3    | Identified the +10 battleaxe "Qialla" {elec, Str+4}
                  | (Okawaru gifted it to you on level 3 of the Realm of Zot)
 80211 | Zot:3    | Got a coiled emerald amulet
 80212 | Zot:3    | Identified the amulet of the Sturgeon {Gourm rElec rF+ rC+
                  | MR-} (You acquired it on level 3 of the Realm of Zot)
 80224 | Zot:3    | Got a fine helmet
 80245 | Zot:3    | Got a crude ivory amulet
 80262 | Zot:3    | Identified the +3 helmet of the Loofah {Str+3} (You found
                  | it on level 3 of the Realm of Zot)
 80267 | Zot:3    | Identified the amulet of Yhoo {Harm *Drain Int+2} (You
                  | found it on level 3 of the Realm of Zot)
 80729 | Zot:3    | Received a gift from Okawaru
 82625 | Temple   | Fell from the grace of Okawaru
 82625 | Temple   | Became a worshipper of the Shining One
 82993 | Crypt:1  | Entered Level 1 of the Crypt
 83070 | Crypt:1  | Reached * piety under the Shining One
 83192 | Crypt:1  | Reached ** piety under the Shining One
 83976 | Crypt:2  | Noticed Jory
 83977 | Crypt:2  | Reached *** piety under the Shining One
 83997 | Crypt:2  | Reached **** piety under the Shining One
 83999 | Crypt:2  | Killed Jory
 84202 | Crypt:2  | Reached ***** piety under the Shining One
 84461 | Crypt:3  | Entered Level 3 of the Crypt
 84496 | Crypt:3  | Reached ****** piety under the Shining One
 84546 | Crypt:3  | Noticed Xtahua
 84554 | Crypt:3  | Killed Xtahua
 84599 | Crypt:3  | Found a basalt altar of Yredelemnul.
 84868 | Crypt:3  | Noticed Saint Roka
 84885 | Crypt:3  | Killed Saint Roka
 84932 | Crypt:3  | Identified a +9 executioner's axe of holy wrath (a +7
                  | executioner's axe of electrocution blessed by the Shining
                  | One)
 84932 | Crypt:3  | Received a gift from the Shining One
 85045 | Crypt:3  | Noticed an ancient lich
 85050 | Crypt:3  | Found a staircase to the Tomb.
 85053 | Crypt:3  | Killed an ancient lich
 85180 | Crypt:3  | Found the +12 Vampire's Tooth {vamp}
 85844 | Depths:1 | Killed Iditam's ghost
 85889 | Depths:2 | Killed Poidgh Janoo's ghost
 87161 | Pan      | Entered Pandemonium
 87163 | Pan      | Noticed Cihot the pandemonium lord
 87196 | Pan      | Killed Cihot the pandemonium lord
 87232 | Pan      | Got a demonic rune of Zot
 87329 | Pan      | Noticed Ilianuq the pandemonium lord
 87352 | Pan      | Killed Ilianuq the pandemonium lord
 87613 | Pan      | Noticed Jokott the pandemonium lord
 87619 | Pan      | Gained mutation: Your magical capacity is low. (-10% MP) [a
                  | neqoxec]
 87648 | Pan      | Killed Jokott the pandemonium lord
 87890 | Pan      | Noticed Onuakk the pandemonium lord
 87900 | Pan      | Cast into level 3 of the Abyss (Onuakk)
 87904 | Abyss:3  | Found a corrupted altar of Lugonu.
 88062 | Abyss:3  | Got an abyssal rune of Zot
 88205 | Pan      | Escaped the Abyss
 88272 | Pan      | Found an exit through the horrors of the Abyss.
 88312 | Pan      | Gained mutation: You are partially covered in molten
                  | scales. (AC +2) [a cacodemon]
 88490 | Pan      | Entered the realm of Cerebov.
 88490 | Pan      | Identified the +6 sword of Cerebov {flame}
 88490 | Pan      | Noticed Cerebov
 88504 | Pan      | Killed Cerebov
 88593 | Pan      | Got a clouded glass ring
 88635 | Pan      | Got a fiery rune of Zot
 88978 | Pan      | Entered the realm of Gloorx Vloq.
 89093 | Pan      | Noticed Gloorx Vloq
 89105 | Pan      | Killed Gloorx Vloq
 89110 | Pan      | Reached skill level 15 in Invocations
 89158 | Pan      | Got a dark rune of Zot
 89297 | Pan      | Entered the realm of Lom Lobon.
 89378 | Pan      | Noticed Lom Lobon
 89400 | Pan      | Killed Lom Lobon
 89416 | Pan      | Got a magical rune of Zot
 90102 | Pan      | Gained mutation: You are robust. (+10% HP) [a cacodemon]
 90105 | Pan      | Gained mutation: You do not regenerate when monsters are
                  | visible. [a cacodemon]
 90221 | Pan      | Noticed Ogad the pandemonium lord
 90238 | Pan      | Killed Ogad the pandemonium lord
 90269 | Pan      | Entered the realm of Mnoleg.
 90325 | Pan      | Noticed Mnoleg
 90326 | Pan      | Identified the +8 large shield of the Chupacabra {rElec}
 90333 | Pan      | Killed Mnoleg
 90352 | Pan      | Got a glowing rune of Zot
 90622 | Depths:3 | Escaped Pandemonium
 90867 | Hell     | Entered the Vestibule of Hell
 90867 | Hell     | Noticed Geryon
 90880 | Hell     | Killed Geryon
 91022 | Hell     | Found a gateway to the decaying netherworld of Tartarus.
 91088 | Hell     | Found a gateway to the ashen valley of Gehenna.
 91092 | Hell     | Was forgiven by Okawaru
 91257 | Hell     | Found a gateway to the Iron City of Dis.
 91351 | Hell     | Found a gateway to the freezing wastes of Cocytus.
 91362 | Coc:1    | Entered Level 1 of Cocytus
 91455 | Coc:2    | You are sucked into a shaft and drop 2 floors!
 91572 | Coc:7    | Entered Level 7 of Cocytus
 91946 | Coc:7    | Identified the cursed +0 hand crossbow of Corporal
                  | Punishment {penet, rPois rN+ Str-4 Int+5}
 92132 | Coc:7    | Identified the +7 hunting sling "Koed" {flame, MR+ Stlth+}
 92473 | Coc:7    | Learned a level 1 spell: Apportation
 92521 | Coc:7    | Reached skill level 1 in Translocations
 92611 | Coc:7    | Noticed Antaeus
 92708 | Coc:7    | Got an icy rune of Zot
 92997 | Tar:1    | Entered Level 1 of Tartarus
 93064 | Tar:2    | Reached skill level 5 in Spellcasting
 93066 | Tar:2    | Reached skill level 5 in Translocations
 93179 | Tar:3    | You are sucked into a shaft and drop 1 floor!
 93659 | Tar:7    | Entered Level 7 of Tartarus
 94076 | Tar:7    | Noticed Ereshkigal
 94078 | Tar:7    | Got a bone rune of Zot
 94217 | Dis:1    | Entered Level 1 of the Iron City of Dis
 94250 | Dis:1    | You are sucked into a shaft and drop 1 floor!
 95004 | Dis:4    | You are sucked into a shaft and drop 1 floor!
 95187 | Dis:6    | You are sucked into a shaft and drop 1 floor!
 95187 | Dis:7    | Entered Level 7 of the Iron City of Dis
 95617 | Dis:7    | Identified Lestrixo's Disquisition on Noxious Aid
 95621 | Dis:7    | Identified Sif Muna's Handbook of the Escort
 96077 | Dis:7    | Got a jewelled war axe
 96571 | Dis:7    | Identified the +4 staff of Dispater
 96571 | Dis:7    | Noticed Dispater
 96585 | Dis:7    | Got an iron rune of Zot
 96615 | Dis:7    | Killed Dispater
 96907 | Geh:1    | Entered Level 1 of Gehenna
 97020 | Geh:4    | You are sucked into a shaft and drop 2 floors!
 97027 | Geh:7    | Entered Level 7 of Gehenna
 97576 | Geh:7    | Identified the +7 sceptre of Asmodeus
 97576 | Geh:7    | Noticed Asmodeus
 97597 | Geh:7    | Killed Asmodeus
 97597 | Geh:7    | Reached skill level 15 in Throwing
 97619 | Geh:7    | Got an obsidian rune of Zot
 97679 | Geh:7    | Identified the Grimoire of the Arsonist and the Oath
 98436 | Tomb:1   | Entered Level 1 of the Tomb of the Ancients
 98603 | Tomb:1   | Noticed a greater mummy
 98617 | Tomb:1   | Killed a greater mummy
 98636 | Tomb:1   | Noticed a greater mummy
 98641 | Tomb:1   | Noticed a greater mummy
 98647 | Tomb:1   | Killed a greater mummy
 98657 | Tomb:1   | Killed a greater mummy
 99244 | Tomb:1   | Noticed a greater mummy
 99252 | Tomb:1   | Killed a greater mummy
 99410 | Tomb:2   | Noticed a greater mummy
 99410 | Tomb:2   | Noticed a greater mummy
 99410 | Tomb:2   | Noticed an ancient lich
 99410 | Tomb:2   | Noticed a greater mummy
 99417 | Tomb:2   | Killed a greater mummy
 99425 | Tomb:2   | Noticed Mara
 99434 | Tomb:2   | Killed a greater mummy
 99435 | Tomb:2   | Killed Mara
 99454 | Tomb:2   | Killed an ancient lich
 99456 | Tomb:2   | Killed a greater mummy
 99880 | Tomb:1   | Noticed a greater mummy
 99880 | Tomb:1   | Noticed a greater mummy
 99891 | Tomb:1   | Killed a greater mummy
 99895 | Tomb:1   | Noticed a greater mummy
 99897 | Tomb:1   | Killed a greater mummy
 99901 | Tomb:1   | Noticed a greater mummy
 99901 | Tomb:1   | Noticed a greater mummy
 99914 | Tomb:1   | Killed a greater mummy
 99926 | Tomb:1   | Killed a greater mummy
 99941 | Tomb:1   | Killed a greater mummy
 99942 | Tomb:1   | Noticed a greater mummy
 99964 | Tomb:1   | Noticed a greater mummy
 99968 | Tomb:1   | Killed a greater mummy
 99976 | Tomb:1   | Killed a greater mummy
100098 | Tomb:1   | Noticed a greater mummy
100111 | Tomb:1   | Killed a greater mummy
100267 | Tomb:1   | Noticed a greater mummy
100275 | Tomb:1   | Killed a greater mummy
100302 | Tomb:1   | Noticed a greater mummy
100312 | Tomb:1   | Killed a greater mummy
100354 | Tomb:1   | Noticed a greater mummy
100362 | Tomb:1   | Killed a greater mummy
101263 | Zot:5    | Entered Level 5 of the Realm of Zot
102252 | Coc:2    | Gained mutation: Scrolls take you a little longer to read.
                  | [mutagenic glow]
102253 | Coc:2    | Lost mutation: Scrolls take you a little longer to read.
                  | [potion of mutation]
102253 | Coc:2    | Lost mutation: Your body sometimes deteriorates upon taking
                  | damage. [potion of mutation]
102253 | Coc:2    | Lost mutation: You are robust. (+10% HP) [potion of
                  | mutation]
102253 | Coc:2    | Gained mutation: You are surrounded by a mild repulsion
                  | field. (EV +2) [potion of mutation]
102253 | Coc:2    | Gained mutation: You have a pair of small horns on your
                  | head. [potion of mutation]
102310 | Coc:3    | Gained mutation: You have large cloven feet. [mutagenic
                  | glow]
102360 | Coc:3    | Gained mutation: Scrolls take you a little longer to read.
                  | [mutagenic glow]
102483 | Coc:3    | Found a huge runed gate.
102483 | Coc:3    | Found a huge runed gate.
102483 | Coc:3    | Found a huge runed gate.
102484 | Coc:3    | Found a huge runed gate.
102485 | Coc:3    | Found a huge runed gate.
102486 | Coc:3    | Found a huge runed gate.
102487 | Coc:3    | Found a huge runed gate.
102488 | Coc:3    | Found a huge runed gate.
102489 | Coc:3    | Found a huge runed gate.
102518 | Coc:3    | Reached skill level 27 in Fighting
103609 | Tomb:2   | Identified the ring of Xom's Full Attention {rF+ Int+2}
                  | (You found it in Pandemonium)
103626 | Tomb:3   | Entered Level 3 of the Tomb of the Ancients
103649 | Tomb:3   | Reached skill level 27 in Axes
103651 | Tomb:3   | Reached skill level 27 in Invocations
103697 | Tomb:3   | Noticed a greater mummy
103700 | Tomb:3   | Noticed a greater mummy
103705 | Tomb:3   | Killed a greater mummy
103723 | Tomb:3   | Noticed a greater mummy
103725 | Tomb:3   | Noticed Frederick
103737 | Tomb:3   | Noticed a greater mummy
103741 | Tomb:3   | Killed Frederick
103743 | Tomb:3   | Killed a greater mummy
103744 | Tomb:3   | Noticed a greater mummy
103745 | Tomb:3   | Killed a greater mummy
103747 | Tomb:3   | Killed a greater mummy
103749 | Tomb:3   | Noticed a greater mummy
103750 | Tomb:3   | Noticed a greater mummy
103755 | Tomb:3   | Killed a greater mummy
103761 | Tomb:3   | Killed a greater mummy
103764 | Tomb:3   | Killed a greater mummy
103764 | Tomb:3   | Noticed a greater mummy
103767 | Tomb:3   | Killed a greater mummy
103768 | Tomb:3   | Noticed a greater mummy
103791 | Tomb:3   | Killed a greater mummy
104021 | Tomb:3   | Found the +7 sceptre of Torment {pain, torment}
104118 | Tomb:3   | Got a golden rune of Zot
104994 | Zot:5    | Noticed an ancient lich
104998 | Zot:5    | Killed an ancient lich
104999 | Zot:5    | Noticed an ancient lich
105005 | Zot:5    | Killed an ancient lich
105070 | Zot:5    | Noticed an orb of fire
105072 | Zot:5    | Noticed an orb of fire
105077 | Zot:5    | Killed an orb of fire
105080 | Zot:5    | Noticed an orb of fire
105086 | Zot:5    | Noticed an orb of fire
105087 | Zot:5    | Killed an orb of fire
105090 | Zot:5    | Killed an orb of fire
105092 | Zot:5    | Killed an orb of fire
105132 | Zot:5    | Noticed an ancient lich
105143 | Zot:5    | Killed an ancient lich
105681 | Zot:5    | Lost mutation: You have a pair of small horns on your head.
                  | [potion of mutation]
105681 | Zot:5    | Lost mutation: Your magical capacity is low. (-10% MP)
                  | [potion of mutation]
105681 | Zot:5    | Lost mutation: Scrolls take you a little longer to read.
                  | [potion of mutation]
105681 | Zot:5    | Lost mutation: You are resistant to hostile enchantments.
                  | (MR+) [potion of mutation]
105681 | Zot:5    | Gained mutation: Your spells are a little easier to cast,
                  | but a little less powerful. [potion of mutation]
105681 | Zot:5    | Lost mutation: You have large cloven feet. [potion of
                  | mutation]
105681 | Zot:5    | Gained mutation: You are partially covered in iridescent
                  | scales. (AC +2) [potion of mutation]
105695 | Zot:5    | Got the Orb of Zot
105915 | Depths:3 | Noticed Hokaaghu the pandemonium lord
105937 | Depths:3 | Killed Hokaaghu the pandemonium lord
106339 | D:1      | Noticed Ravuasi the pandemonium lord
106349 | D:1      | Killed Ravuasi the pandemonium lord
106356 | D:$      | Escaped with the Orb!

Levels and vault maps discovered:
D:1:      evilmike_arrival_hilbert_curve, layout_basic, minmay_tripent
D:2:      layout_basic
D:3:      layout_basic, old_standard_altar, gammafunk_temple_overflow_pools,
          uniq_natasha, uniq_crazy_yiuf_cottage
D:4:      layout_loops_cross, nicolae_dithmenos_the_darkroom, first_ration,
          serial_shops, shop, fedhas_altar_1
D:5:      layout_rooms, minmay_temple_entry_hall, serial_glass, glass_columns_a,
          glass_columns_a, uniq_sigmund
D:6:      layout_cave_pools, minivault_19
D:7:      layout_cave_pools, xom_confusion_cloud, zin_scriptorium, minitemple,
          grunt_ogre_cave
D:8:      layout_loops_ring, enter_ossuary_3
D:9:      layout_long_grid
D:10:     minmay_the_grid_triangle_9x9_rhombus_full
          [minmay_the_grid_triangle_9x9_minimal,
          minmay_the_grid_triangle_9x9_semitri,
          minmay_the_grid_triangle_9x9_steps,
          minmay_the_grid_triangle_9x9_dagger,
          minmay_the_grid_triangle_9x9_from_above,
          minmay_the_grid_triangle_9x9_corrupted_corridor,
          minmay_the_grid_triangle_9x9_skeleton,
          minmay_the_grid_triangle_9x9_prize_schism], layout_cross,
          serial_rivers, chequers_serial_rivers_small_3,
          chequers_serial_rivers_micro_e, chequers_serial_rivers_room_a,
          chequers_serial_rivers_small_b, kennysheep_doodads
D:11:     layout_irregular_city, enter_bailey_3, basic_altar,
          hangedman_decor_growths
D:12:     layout_layer_cave, david_orc_5
D:13:     layout_basic, basic_altar
D:14:     layout_roguey [special_room_orc], erik_vaults_1, portal_ice_cave_rime,
          st_stairs_11, feat_on_display
D:15:     grunt_enter_depths_snipers, layout_gridville, serial_park_paths
          [serial_park_minivault_5x5_2]
Temple:   nicolae_temple_figure_eight
Lair:1:   layout_loops_ring, fungi_pond_lemuel, grunt_megastairs_3,
          minmay_lair_oklob_chamber
Lair:2:   layout_layer_cave, uniq_sonja, uniq_fannar
Lair:3:   layout_layer_cave
Lair:4:   cheibrodos_lair_overgrown_chateau, layout_layer_cave,
          elwin_shoals_entry_stream, spider_nest_entry_rubble
Lair:5:   layout_hall_layers, minmay_slime_entry_oklob_enclosed,
          serial_bayou_pond_b, nicolae_quartered_pool_super
Lair:6:   evilmike_catoblepas_cave, layout_gridlike
Shoals:1: layout_shoals, serial_shops, nicolae_shop_waterfront
Shoals:2: layout_shoals
Shoals:3: layout_shoals, uniq_bai_suzhen, uniq_polyphemus
Shoals:4: shoals_end_hangedman, layout_shoals, shoals_ilsuiw_ice,
          gammafunk_ghost_grave, lemuel_altar_in_water
Spider:1: cheibrodos_spider_deadly_dance, hangedman_spider_tarantella_strand
Spider:2: layout_spider_delve
Spider:3: layout_spider_delve, uniq_roxanne, uniq_azrael
Spider:4: grunt_spider_rune_circles, uniq_arachne, uniq_aizul
Slime:1:  layout_caves, cheibrodos_slime_lost_civilization_4
Slime:2:  layout_caves
Slime:3:  layout_caves
Slime:4:  layout_caves, cheibrodos_slime_lost_civilization_5
Slime:5
Orc:1:    layout_caves
Orc:2:    st_orc_town, layout_caves
Elf:1:    layout_geoelf_octagon, evilmike_minifort, uniq_jorgrun
Elf:2:    layout_geoelf_octagon
Elf:3:    elf_hall_gauntlet_narrow, layout_loops_corners, minmay_elf_demonology
Vaults:1: nicolae_vaults_what_the_h, kennysheep_vaults_gozag_temple,
          grunt_vaults_diagonal, hangedman_vaults_corner,
          nicolae_vaults_sealed_display, v_misc_2, vaults_mumra_hex,
          layout_vaults_chaotic_city, uniq_asterion
Vaults:2: gammafunk_vaults_ghost_grave, ontoclasm_vaults_ring_square,
          vaults_room_grunt_arrival_ludios, ontoclasm_vaults_gateway,
          v_pattern_2, st_spiral_rooms, v_misc_12, vaults_room_pools,
          ontoclasm_vaults_ring_small, vaults_dpeg_hooks,
          ontoclasm_vaults_bender, v_misc_11, v_alt_pattern_6,
          vaults_dpeg_diagonal, v_alt_pattern_2, layout_vaults_omnibox,
          uniq_margery
Vaults:3: ebering_vaults_ghost_gozag, nicolae_vaults_network_quinsquares
          [nicolae_vaults_network_quincunx_subvault,
          nicolae_vaults_network_quincunx_subvault,
          nicolae_vaults_network_quincunx_subvault,
          nicolae_vaults_network_quincunx_subvault],
          minmay_crypt_entry_simple_plaza, grunt_vaults_bifocal,
          hangedman_vaults_capsules, nicolae_vaults_network_periphery,
          v_misc_22, v_misc_19, nicolae_vaults_network_barrier, v_misc_9,
          v_alt_pattern_5, ontoclasm_vaults_loading_screen, layout_vaults_ring
Vaults:4: grunt_vaults_funnel, vaults_room_hallway, nicolae_vaults_triangles,
          v_misc_19, ontoclasm_vaults_fault, v_rooms_4, dpeg_vaults_monster_box,
          hangedman_vaults_restitches, v_misc_12, grunt_tower_of_power,
          nicolae_vaults_little_squares_1, nicolae_vaults_theta,
          layout_vaults_maze_bifur, serial_shops, shop
Vaults:5
Crypt:1:  layout_misc_corridors
Crypt:2:  layout_gridlike, uniq_jory
Crypt:3:  grunt_crypt_end_deaths_head, uniq_saint_roka, uniq_xtahua
Tomb:1
Tomb:2:   uniq_mara
Tomb:3:   uniq_frederick
Depths:1: layout_cave_shapes, gammafunk_ghost_grave,
          hangedman_tar_grid_catacomb, grunt_pan_entry_sceptre,
          hangedman_abyss_or_decor_slice, evilmike_spriggan_trog_shrine,
          grunt_megastairs_4
Depths:2: evilmike_negative_zone, layout_gridlike, ebering_ghost_rock_garden,
          hangedman_abyss_or_decor_stabs, hangedman_abyss_entry_splay,
          lightli_too_deep, infiniplex_enter_wizlab_spiral,
          nicolae_water_bricks, minmay_staircase_bubble
Depths:3: minmay_connected_triangles_in_corner, layout_gridville,
          grunt_hell_entry_dis_old, hangedman_abyss_or_decor_passed,
          rand_demon_pan_entry_7, lightli_minifort
Depths:4: angbandy_vault, layout_gridville, enter_ziggurat_a, hell_entry,
          minmay_misc_feat_alley, abyss_entry, chequers_serial_rivers_micro_d,
          minmay_shoptagon, uniq_mennas
Depths:5: grunt_zot_entry_gee_three, layout_small_grid, pan_entry,
          chequers_big_river, minmay_room_of_horrors, hell_entry,
          grunt_decor_one_mirror, infiniplex_staircase_pool_lava,
          serial_bayou_shore_a
Hell
Dis:1:    layout_overlapping_boxes
Dis:2:    layout_subdivisions
Dis:3:    lightli_tower_of_babel, layout_chaotic_city,
          grunt_dis_stairs_iron_hall
Dis:4:    layout_jigsaw
Dis:5:    layout_regular_city
Dis:6:    layout_subdivisions
Dis:7:    dis_hangedman
Geh:1:    layout_gehenna_pools_triple
Geh:2:    layout_gehenna_lava_caves
Geh:3:    layout_gehenna_pools_basic
Geh:4:    layout_gehenna_lava_caves
Geh:6:    layout_gehenna_pools_triple
Geh:7:    geh_mu
Coc:1:    layout_cocytus_water_paths
Coc:2:    layout_cocytus_water_paths
Coc:3:    grunt_deathspiral_small, layout_ice_bergs, door_vault
Coc:4:    layout_cocytus_water_paths
Coc:5:    layout_cocytus_water_paths
Coc:6:    layout_ice_bergs
Coc:7:    coc_mu
Tar:1:    layout_cathedral_of_symmetry
Tar:2:    layout_honeycomb
Tar:3:    layout_grid_maze, nicolae_tar_cuneiform_oil
Tar:4:    layout_catacombs
Tar:5:    layout_grid_maze
Tar:6:    layout_grid_maze, nicolae_tar_cuneiform_oil
Tar:7:    tar_old
Zot:1:    layout_misc_corridors
Zot:2:    layout_misc_corridors
Zot:3:    gammafunk_the_bubble [the_bubble_gammafunk_roulette], layout_gridlike
Zot:4:    layout_basic, st_single_dragon_hoard_2, st_stairs_13,
          st_single_dragon_hoard_4, drop_trap
Zot:5:    layout_misc_corridors

Skill      XL: |  1  2  3  4  5  6  7  8  9 10 11 12 13 14 15 16 17 18 19 20 21 22 23 24 25 26 27 |
---------------+----------------------------------------------------------------------------------+-----
Fighting       | 2 3 5 6 8 10 11 12 13 14 15 17 19 20 21 22 27 | 27.0
Axes           | 1 2 4 5 7 9 10 11 12 13 14 15 16 17 18 19 20 27 | 27.0
Invocations    | 3 4 7 8 10 27 | 27.0
Armour         | 3 7 8 9 10 12 13 14 15 17 18 19 20 22 26 | 26.9
Throwing       | 3 5 6 9 11 12 16 | 16.0
Dodging        | 3 5 6 8 9 10 11 13 14 15 19 | 19.9
Evocations     | 3 5 8 9 11 12 13 14 17 | 17.0
Shields        | 5 8 |  8.7
Translocations | 8 |  8.0
Spellcasting   | 6 |  6.0
Hexes          | |  2.6

Action                   |  1- 3 |  4- 6 |  7- 9 | 10-12 | 13-15 | 16-18 | 19-21 | 22-24 | 25-27 || total
-------------------------+-------+-------+-------+-------+-------+-------+-------+-------+-------++-------
Melee: Hand axe          |   135 |   267 |   127 |       |       |       |       |       |       ||   529
       Unarmed           |     8 |       |       |       |       |       |       |       |       ||     8
       War axe           |       |       |   339 |   353 |       |       |       |       |       ||   692
       Punch             |       |       |       |     3 |     1 |       |       |       |       ||     4
       Broad axe         |       |       |       |   523 |  1083 |   569 |       |       |       ||  2175
       Flail             |       |       |       |    12 |    50 |    12 |       |       |       ||    74
       Battleaxe         |       |       |       |       |       |  1468 |  2159 |  1806 |  2266 ||  7699
       Executioner's axe |       |       |       |       |       |       |    81 |   219 |  3317 ||  3617
       Headbutt          |       |       |       |       |       |       |       |       |   107 ||   107
Throw: Javelin           |       |     4 |     4 |       |       |       |    13 |    13 |    77 ||   111
 Cast: Corona            |     2 |     8 |       |       |       |       |       |       |       ||    10
       Apportation       |       |       |       |       |       |       |       |       |     1 ||     1
Invok: Heroism           |       |       |       |     7 |     7 |     9 |    11 |     8 |     8 ||    50
       Finesse           |       |       |       |       |       |     1 |     3 |     2 |     7 ||    13
       Cleansing Flame   |       |       |       |       |       |       |       |       |    66 ||    66
       Summon Divine War |       |       |       |       |       |       |       |       |    13 ||    13
       Divine Shield     |       |       |       |       |       |       |       |       |     9 ||     9
       Brand Weapon With |       |       |       |       |       |       |       |       |     1 ||     1
 Abil: Fly               |       |       |       |       |       |     1 |       |       |     2 ||     3
       Stop Flying       |       |       |       |       |       |       |       |     1 |     1 ||     2
Evoke: Wand              |       |     9 |    10 |     4 |       |     3 |     1 |       |     4 ||    31
       Lightning rod     |       |       |       |       |       |     4 |       |       |       ||     4
       Lamp of fire      |       |       |       |       |       |       |       |       |     1 ||     1
  Use: Scroll            |       |     2 |     3 |     4 |    13 |    12 |    14 |     9 |    37 ||    94
       Potion            |       |       |     2 |       |     1 |     3 |       |     2 |    13 ||    21
 Stab: Invisible         |       |     1 |     1 |       |       |       |       |       |       ||     2
       Confused          |       |       |       |     2 |       |       |       |     1 |       ||     3
       Held in net/web   |       |       |       |       |       |     3 |       |       |       ||     3
       Petrified         |       |       |       |       |       |     1 |       |     2 |       ||     3
       Distracted        |       |       |       |       |       |       |     1 |     1 |     4 ||     6
  Eat: Chunk             |     3 |    10 |    13 |    24 |    26 |    30 |    39 |    29 |    94 ||   268
       Ration            |       |     1 |       |     2 |     5 |     6 |     3 |     1 |    16 ||    34
Armor: Robe              |    41 |       |       |       |       |       |       |       |       ||    41
       Leather armour    |    17 |    95 |       |       |       |       |       |       |       ||   112
       Chain mail        |       |     1 |   203 |       |       |   874 |   309 |       |       ||  1387
       Plate armour      |       |       |   155 |   570 |   736 |   835 |       |       |       ||  2296
       Scale mail        |       |       |       |   138 |       |       |       |       |       ||   138
       Ring mail         |       |       |       |       |   165 |   201 |       |       |       ||   366
       Gold dragon scale |       |       |       |       |       |       |  1660 |  1830 |  3783 ||  7273
Dodge: Dodged            |   122 |   141 |   163 |   372 |   670 |  1776 |  1071 |  1489 |  5030 || 10834
Block: Shield            |       |       |       |       |    78 |   381 |       |       |       ||   459
       Buckler           |       |       |       |       |    62 |       |       |       |       ||    62
       Other             |       |       |       |       |       |       |       |       |   182 ||   182

Table legend:
 A = Non-vault XP
 B = Vault XP
 C = Vault XP percentage of total XP
 D = Non-vault monster count
 E = Vault monster count
 F = Vault count percentage of total count
                 A         B        C        D         E       F
            +---------+---------+-------+---------+---------+-------
      Total | 1510589 | 1883103 |  55.5 |    2630 |    1792 |  40.5
            +---------+---------+-------+---------+---------+-------
        D:1 |      40 |       4 |   9.1 |      20 |       2 |   9.1
        D:2 |     148 |       0 |   0.0 |      33 |       0 |   0.0
        D:3 |     145 |      77 |  34.7 |      26 |       2 |   7.1
        D:4 |     271 |       0 |   0.0 |      13 |       0 |   0.0
        D:5 |     521 |     227 |  30.3 |      24 |       1 |   4.0
        D:6 |    1132 |       0 |   0.0 |      33 |       0 |   0.0
        D:7 |     644 |     317 |  33.0 |      18 |       6 |  25.0
        D:8 |    2428 |       0 |   0.0 |      34 |       0 |   0.0
        D:9 |     849 |       0 |   0.0 |      19 |       0 |   0.0
       D:10 |    2051 |    5664 |  73.4 |      38 |      27 |  41.5
       D:11 |    6080 |       7 |   0.1 |      35 |       4 |  10.3
       D:12 |    7324 |     495 |   6.3 |      47 |      24 |  33.8
       D:13 |   10684 |     265 |   2.4 |      37 |       1 |   2.6
       D:14 |   12190 |    5473 |  31.0 |      38 |      32 |  45.7
       D:15 |    9570 |    2365 |  19.8 |      21 |       3 |  12.5
     Lair:1 |    3176 |    2694 |  45.9 |      15 |      10 |  40.0
     Lair:2 |    5226 |    1878 |  26.4 |      27 |       2 |   6.9
     Lair:3 |    2307 |       0 |   0.0 |      10 |       0 |   0.0
     Lair:4 |    3233 |    6490 |  66.7 |      15 |      21 |  58.3
     Lair:5 |   12459 |    1395 |  10.1 |      37 |       4 |   9.8
     Lair:6 |    9366 |   11488 |  55.1 |      31 |      23 |  42.6
   Shoals:1 |   11594 |       0 |   0.0 |      20 |       0 |   0.0
   Shoals:2 |   15083 |    5577 |  27.0 |      26 |       1 |   3.7
   Shoals:3 |   18388 |    6515 |  26.2 |      33 |       6 |  15.4
   Shoals:4 |    9108 |   31171 |  77.4 |      21 |      39 |  65.0
   Spider:1 |   23924 |    9474 |  28.4 |      68 |      22 |  24.4
   Spider:2 |   14047 |       0 |   0.0 |      41 |       0 |   0.0
   Spider:3 |    8201 |    4063 |  33.1 |      14 |       7 |  33.3
   Spider:4 |    5505 |   28738 |  83.9 |      15 |      47 |  75.8
    Slime:2 |    6615 |       0 |   0.0 |       9 |       0 |   0.0
    Slime:3 |     446 |       0 |   0.0 |       1 |       0 |   0.0
    Slime:4 |   14907 |       0 |   0.0 |      21 |       0 |   0.0
    Slime:5 |    8830 |   28700 |  76.5 |      10 |      15 |  60.0
      Orc:1 |    6042 |     595 |   9.0 |      45 |       3 |   6.2
      Orc:2 |    2862 |    5493 |  65.7 |      33 |      55 |  62.5
      Elf:1 |   25919 |    9068 |  25.9 |      39 |      13 |  25.0
      Elf:2 |    9713 |   22330 |  69.7 |      14 |      29 |  67.4
      Elf:3 |   25817 |   38260 |  59.7 |      46 |      29 |  38.7
   Vaults:1 |   32069 |   35499 |  52.5 |      56 |      57 |  50.4
   Vaults:2 |   29096 |   31837 |  52.2 |      62 |      39 |  38.6
   Vaults:3 |   16528 |   22904 |  58.1 |      33 |      26 |  44.1
   Vaults:4 |   20432 |   24703 |  54.7 |      30 |      32 |  51.6
   Vaults:5 |    4636 |  146365 |  96.9 |      10 |     100 |  90.9
    Crypt:1 |   23926 |       0 |   0.0 |      28 |       0 |   0.0
    Crypt:2 |   53112 |    4552 |   7.9 |      58 |       1 |   1.7
    Crypt:3 |       0 |   94564 | 100.0 |       0 |     138 | 100.0
     Tomb:1 |   22643 |  133823 |  85.5 |      47 |      55 |  53.9
     Tomb:2 |    8258 |   74289 |  90.0 |      22 |      67 |  75.3
     Tomb:3 |   21247 |  108925 |  83.7 |      32 |      60 |  65.2
   Depths:1 |   40287 |    7678 |  16.0 |      50 |      12 |  19.4
   Depths:2 |   25924 |   53630 |  67.4 |      33 |      51 |  60.7
   Depths:3 |   30940 |   22767 |  42.4 |      37 |      19 |  33.9
   Depths:4 |   13037 |   70225 |  84.3 |      12 |      35 |  74.5
   Depths:5 |   35894 |   31911 |  47.1 |      47 |      32 |  40.5
       Hell |   16514 |   27811 |  62.7 |      23 |      46 |  66.7
      Dis:1 |    2115 |       0 |   0.0 |       8 |       0 |   0.0
      Dis:2 |    5058 |       0 |   0.0 |      15 |       0 |   0.0
      Dis:3 |   36678 |   13884 |  27.5 |      63 |      30 |  32.3
      Dis:5 |   22144 |       0 |   0.0 |      25 |       0 |   0.0
      Dis:6 |     341 |       0 |   0.0 |       1 |       0 |   0.0
      Dis:7 |   39989 |  138807 |  77.6 |      50 |     107 |  68.2
      Geh:1 |    2557 |       0 |   0.0 |       7 |       0 |   0.0
      Geh:2 |    1601 |       0 |   0.0 |       7 |       0 |   0.0
      Geh:3 |    3911 |       0 |   0.0 |      16 |       0 |   0.0
      Geh:7 |   16136 |   47409 |  74.6 |      26 |      29 |  52.7
      Coc:1 |   29244 |       0 |   0.0 |      59 |       0 |   0.0
      Coc:2 |   36266 |       0 |   0.0 |      72 |       0 |   0.0
      Coc:3 |   12662 |   16011 |  55.8 |      40 |      16 |  28.6
      Coc:4 |   16818 |       0 |   0.0 |      23 |       0 |   0.0
      Coc:5 |   13580 |       0 |   0.0 |      23 |       0 |   0.0
      Coc:6 |    9470 |       0 |   0.0 |      22 |       0 |   0.0
      Coc:7 |   51163 |   53658 |  51.2 |      86 |      91 |  51.4
      Tar:1 |   16521 |       0 |   0.0 |       8 |       0 |   0.0
      Tar:2 |   13935 |       0 |   0.0 |      13 |       0 |   0.0
      Tar:3 |   15868 |       0 |   0.0 |      25 |       0 |   0.0
      Tar:4 |    1757 |       0 |   0.0 |       5 |       0 |   0.0
      Tar:5 |   11552 |       0 |   0.0 |      15 |       0 |   0.0
      Tar:6 |   11393 |       0 |   0.0 |      24 |       0 |   0.0
      Tar:7 |   45784 |   30129 |  39.7 |      59 |      24 |  28.9
      Zot:1 |   22752 |       0 |   0.0 |      11 |       0 |   0.0
      Zot:2 |   46839 |       0 |   0.0 |      27 |       0 |   0.0
      Zot:3 |   56899 |   45518 |  44.4 |      31 |      20 |  39.2
      Zot:4 |   79715 |   11484 |  12.6 |      36 |       4 |  10.0
      Zot:5 |   51024 |  157797 |  75.6 |      26 |      41 |  61.2
    Abyss:3 |   15252 |    8921 |  36.9 |      30 |      21 |  41.2
        Pan |  130177 |  213112 |  62.1 |     170 |     131 |  43.5
    Ossuary |       0 |     521 | 100.0 |       0 |      28 | 100.0
      IceCv |       0 |    3142 | 100.0 |       0 |      11 | 100.0
     WizLab |       0 |   22404 | 100.0 |       0 |      41 | 100.0
            +---------+---------+-------+---------+---------+-------
